Map: Acid Plant LE

Players

Snute - Winner!

  • Race: Zerg Zerg
  • Spawn Location: 11:00

GOStephano (Stephano)

  • Race: Zerg Zerg
  • Spawn Location: 5:00

Event: WCS Austin 2018

VOD

Have the link to the VOD?

Description

Time

  • Played on: June 2, 2018, 6:06 p.m.
  • Length: 8:39

All games in this series

Show
View Real Time Build Order
Export as new Build Order

Snute Zerg - Winner!

Build Orders: Hatch First, Zergling Baneling 

Get SALT Encoding   

  12  0:00  Drone  
  13  0:12  Overlord  
  13  0:16  Drone  
  14  0:30  Drone x2  
  14  0:34  Drone  
  17  0:51  Hatchery  
  17  0:55  Drone  
  17  0:58  Drone  
  17  1:00  Extractor  
  17  1:13  Spawning Pool  
  17  1:16  Drone  
  17  1:20  Drone  
  18  1:27  Drone  
  19  1:38  Overlord  
  19  1:49  Drone  
  20  1:59  Queen, Metabolic Boost  
  22  2:03  Queen  
  22  2:04  Drone  
  22  2:07  Drone  
  26  2:11  Drone  
  28  2:15  Drone  
  28  2:21  Zergling x2  
  29  2:25  Zergling x2  
  30  2:32  Zergling x2  
  31  2:38  Hatchery  
  31  2:42  Drone  
  31  2:43  Drone  
  32  2:48  Overlord  
  32  2:52  Baneling Nest  
  32  2:54  Drone  
  32  3:00  Zergling x2  
  32  3:04  Drone  
  34  3:07  Zergling x6  
  34  3:10  Drone  
  34  3:11  Drone  
  39  3:15  Overlord  
  39  3:17  Drone  
  39  3:19  Drone  
  41  3:21  Drone  
  42  3:28  Drone  
  42  3:32  Drone  
  44  3:36  Baneling x2  
  44  3:39  Queen  
  44  3:40  Zergling x6  
  49  3:42  Baneling  
  49  3:47  Zergling x6  
  52  3:48  Baneling  
  52  3:53  Queen  
  53  3:57  Zergling x2  
  53  3:58  Zergling x4  
  53  3:59  Baneling  
  54  4:06  Zergling x6  
  54  4:09  Baneling  
  56  4:11  Drone  
  56  4:14  Drone  
  58  4:17  Overlord  
  58  4:20  Extractor  
  58  4:21  Roach Warren  
  58  4:23  Overlord  
  56  4:25  Drone x2  
  58  4:32  Overlord  
  58  4:36  Drone x4  
  62  4:39  Drone x2  
  62  4:46  Drone  
  62  4:48  Baneling  
  62  4:50  Drone  
  62  4:51  Drone x4  
  65  4:55  Baneling x2  
  64  5:01  Zergling x12  
  69  5:07  Evolution Chamber  
  69  5:10  Zergling x8  
  71  5:26  Roach x5  
  79  5:31  Baneling x2  
  79  5:34  Drone x3  
  79  5:37  Extractor  
  79  5:38  Zergling x6, Extractor  
  79  5:42  Lair  
  79  5:46  Zergling x6  
  75  5:57  Roach x3  
  75  5:59  Overlord x2  
  81  6:05  Overlord  
  81  6:06  Overlord  
  81  6:12  Overlord  
  80  6:23  Roach x2  
  80  6:24  Roach x7  
  92  6:26  Roach x2  
  92  6:30  Roach  
  97  6:34  Roach x2  
  99  6:47  Zergling x18  
  99  6:49  Ravager  
  99  6:50  Ravager  
  99  6:52  Zergling x2  
  109  6:59  Zergling x2  
  109  7:00  Zergling x8  
  114  7:09  Roach x2  
  114  7:11  Glial Reconstitution  
  111  7:23  Zergling x2  
  111  7:24  Zergling x6  
  111  7:30  Roach x5  
  116  7:38  Hatchery  
  116  7:42  Roach  
  116  7:43  Roach x4  
  115  7:51  Ravager  
  115  7:52  Zergling x2  
  115  7:53  Zergling x6  
  115  7:57  Zergling x8  
  115  7:58  Zergling x4  
  117  7:59  Ravager  
  117  8:05  Zergling x4  
  117  8:11  Zergling x2  
  117  8:12  Zergling x2  
  111  8:15  Roach  
Show
View Real Time Build Order
Export as new Build Order

GOStephano Zerg 

Build Orders: Hatch First, Zergling Baneling 

Get SALT Encoding   

  12  0:01  Drone  
  13  0:12  Overlord  
  13  0:17  Drone  
  14  0:31  Drone x2  
  16  0:48  Hatchery  
  15  0:51  Drone  
  15  0:55  Drone  
  17  0:58  Drone  
  18  1:08  Extractor  
  17  1:13  Spawning Pool  
  17  1:16  Drone  
  17  1:19  Drone  
  18  1:29  Drone  
  19  1:40  Drone  
  20  1:50  Drone  
  21  1:59  Queen  
  21  2:00  Queen, Zergling x2  
  26  2:01  Overlord  
  26  2:08  Metabolic Boost  
  26  2:10  Drone  
  26  2:11  Drone  
  28  2:21  Drone  
  28  2:22  Drone  
  30  2:34  Drone  
  31  2:40  Baneling Nest, Hatchery  
  31  2:43  Drone  
  30  2:48  Overlord  
  30  2:50  Drone  
  31  2:55  Zergling x4  
  33  3:05  Zergling x4  
  35  3:08  Zergling x6  
  35  3:09  Zergling x2  
  35  3:11  Drone  
  40  3:15  Overlord  
  40  3:24  Baneling x2  
  40  3:25  Zergling x4  
  40  3:26  Baneling  
  41  3:33  Drone x2  
  43  3:34  Queen  
  45  3:42  Drone x4  
  45  3:45  Drone x2  
  51  3:53  Drone x2  
  52  3:58  Zergling x4  
  51  4:10  Zergling x2  
  51  4:11  Zergling x2  
  51  4:13  Baneling x2  
  52  4:17  Drone x6  
  52  4:20  Extractor  
  52  4:22  Extractor  
  52  4:23  Evolution Chamber  
  55  4:24  Drone x3  
  55  4:27  Baneling x2  
  55  4:29  Zergling x2  
  57  4:33  Zergling x6  
  58  4:38  Baneling  
  58  4:39  Baneling  
  58  4:44  Zergling x2  
  57  4:49  Zergling x6  
  58  4:57  Queen  
  58  4:59  Roach Warren  
  56  5:05  Zergling x6  
  56  5:06  Overlord, Zergling x2  
  54  5:11  Overlord  
  54  5:12  Zergling x4  
  55  5:23  Zergling x10  
  55  5:26  Drone x2  
  55  5:27  Lair  
  59  5:29  Zerg Missile Weapons Level 1  
  59  5:32  Queen  
  59  5:34  Drone x5  
  59  5:35  Baneling x3  
  65  5:39  Zergling x2  
  66  5:46  Zergling x6  
  63  5:53  Zergling x2  
  58  5:58  Zergling x8  
  58  5:59  Baneling x2  
  59  6:05  Zergling x4  
  59  6:07  Baneling x2  
  59  6:09  Queen  
  59  6:14  Zergling x8  
  59  6:15  Zergling x2  
  63  6:25  Zergling x6  
  64  6:30  Queen  
  64  6:32  Roach x3  
  72  6:33  Overlord  
  72  6:34  Overlord x2  
  72  6:39  Baneling  
  71  6:40  Baneling  
  69  6:47  Roach x2  
  69  6:51  Overlord  
  69  6:53  Roach  
  69  6:54  Roach x4  
  78  6:59  Glial Reconstitution  
  78  7:06  Roach x3  
  83  7:19  Roach x5  
  88  7:24  Roach x3  
  88  7:28  Roach  
  92  7:33  Roach  
  92  7:34  Roach  
  90  7:37  Roach Warren  
  90  7:42  Roach x5  
  83  7:46  Roach x2  
  76  7:52  Roach  
  76  7:58  Roach x2  
  62  8:08  Roach  
  54  8:15  Roach  
  54  8:18  Zergling x2  
  54  8:19  Zergling x12  
Tags
 
Add a new tag
Caveats
  • Supply blocks, unpowered buildings, or Contaminate may cause inaccurate times.
  • Supply counts are checked every 10 seconds.